 Dungeon Crawl Stone Soup version 0.19.0 (webtiles) character file.

1284 Korbac the Cleaver (level 8, -3/70 HPs)
             Began as a Minotaur Fighter on Nov 1, 2016.
             Was a Believer of Makhleb.
             Slain by an orc warrior
             ... wielding a +0 trident
              (9 damage)
             ... on level 6 of the Dungeon.
             The game lasted 00:19:49 (4234 turns).

Korbac the Cleaver (Minotaur Fighter)               Turns: 4234, Time: 00:19:50

Health: -3/70      AC:  9    Str: 23    XL:     8   Next: 29%
Magic:  7/7        EV:  9    Int:  5    God:    Makhleb [**....]
Gold:   234        SH: 10    Dex: 10    Spells: 1 memorised, 5 levels left

rFire  x . .     SeeInvis .     a - +0 war axe
rCold  + . .     Gourm    .     b - +0 scale mail
rNeg   . . .     Faith    .     c - +0 shield
rPois  .         Spirit   .     (helmet restricted)
rElec  .         Reflect  .     j - +0 cloak
rCorr  .         Harm     .     (no gloves)
MR     .....                    (no boots)
Stlth  ..........               (no amulet)
                                (no ring)
                                h - ring of ice

@: very slightly contaminated, invisible
A: retaliatory headbutt, horns 2
a: Minor Destruction, Renounce Religion


You were on level 6 of the Dungeon.
You worshipped Makhleb.
Makhleb was pleased with you.
You were not hungry.

You visited 1 branch of the dungeon, and saw 6 of its levels.

You collected 234 gold pieces.

Inventory:

Hand Weapons
 a - a +0 war axe (weapon)
 s - a +1 vampiric dagger
 t - a +0 mace of protection
Missiles
 v - 7 tomahawks
 B - 3 throwing nets (quivered)
Armour
 b - a +0 scale mail (worn)
 c - a +0 shield (worn)
 j - a +0 cloak (worn)
Jewellery
 h - a ring of ice (left hand)
 z - an uncursed ring of teleportation
Wands
 A - a wand of polymorph (8/24)
Scrolls
 i - 4 scrolls of remove curse
 n - a scroll of fog {unknown}
 r - a scroll of enchant armour {unknown}
 u - a scroll of identify
 x - 2 scrolls of teleportation
 C - a scroll of fear {unknown}
 E - a scroll of silence {unknown}
 F - a scroll of immolation
Potions
 d - a potion of might
 e - 3 potions of resistance
 g - a potion of cure mutation
 k - 2 potions of brilliance
 l - a potion of cancellation {unknown}
 m - a potion of agility
 o - 3 potions of curing
 w - 2 potions of haste
 D - a potion of heal wounds {unknown}
Books
 y - a book of Minor Magic

   Spells                             Type                      Level
   a - Magic Dart                     Conjuration                  1
   b - Blink                          Translocation                2
   c - Call Imp                       Summoning                    2
   d - Repel Missiles                 Charms/Air                   2
   e - Slow                           Hexes                        2
   f - Conjure Flame                  Conjuration/Fire             3
   g - Mephitic Cloud                 Conjuration/Poison/Air       3
Comestibles
 f - a bread ration
 p - 3 beef jerkies


   Skills:
 * Level 6.0 Fighting
 * Level 8.2 Axes
 * Level 6.4 Armour
 + Level 1.6 Dodging
 * Level 6.3 Shields


You had 5 spell levels left.
You knew the following spells:

 Your Spells              Type           Power        Failure   Level  Hunger
a - Blink                 Tloc           N/A          100%        2    ###....


Dungeon Overview and Level Annotations

Branches:
Dungeon (6/15)             Temple (0/1) D:4

Altars:
Ashenzari
Dithmenos
Elyvilon
Kikubaaqudgha
Makhleb
Nemelex Xobeh
Ru
Vehumet
Zin


Innate Abilities, Weirdness & Mutations

You reflexively headbutt those who attack you in melee.
You have a pair of horns on your head.


Message History

The orc warrior hits you from afar with a trident!
The orc priest invokes the aid of Beogh against you.
Beogh smites you!
The orc warrior hits you but does no damage.
You hit the orc warrior but do no damage.
The orc warrior hits you with a trident!!
You barely miss the orc warrior. You slash the orc priest!
The orc priest closely misses you. You furiously retaliate!
You headbutt the orc priest.
You kill the orc priest!
Makhleb accepts your kill.
The orc warrior hits you with a trident!!
* * * LOW HITPOINT WARNING * * *
You fade into invisibility!
You block the orc priest's attack. The orc warrior barely misses you.
You furiously retaliate!
You headbutt the orc warrior.
You are very lightly contaminated with residual magic.
You see here a coral ring.
The orc warrior hits you from afar with a trident!
You die...

...... ....# ...# #
## ######..# . ...
......).# ?####.#
#######o##### ..#....
.......o....# #.#.#.#
#######.###.#
#...#.##### #@#
#.........### #.#
...##.......# #.#
##.##.......# #.#
#.##.......####.####
##..#.....†.........#
....................#
#<..................#
##.#........####'####


You could see an orc warrior and an orc priest.

Vanquished Creatures
  Sigmund (D:3)
  A phantom (D:6)
  2 ogres (D:5)
  A centaur (D:5)
  A bullfrog (D:6)
  A scorpion (D:5)
  A water moccasin skeleton (D:4)
  A howler monkey (D:4)
  A crimson imp (D:6)
  2 hounds
  An orc priest (D:6)
  3 iguanas
  2 orc wizards (D:4)
  2 worker ants (D:5)
  A hound skeleton (D:6)
  Robin (D:3)
  8 gnolls
  8 adders
  2 adder skeletons (D:4)
  3 leopard geckos (D:4)
  10 orcs
  8 bats
  6 giant cockroaches
  9 goblins
  4 hobgoblins
  6 kobolds
  11 quokkas
  10 frilled lizards
  A jackal skeleton (D:4)
  6 rats
  A plant (D:3)
115 creatures vanquished.

Vanquished Creatures (others)
  5 plants (D:3)
5 creatures vanquished.

Grand Total: 120 creatures vanquished

Notes
Turn   | Place    | Note
-------+----------+-------------------------------------------
     0 | D:1      | Korbac the Minotaur Fighter began the quest for the Orb.
     0 | D:1      | Reached XP level 1. HP: 19/19 MP: 0/0
   308 | D:2      | Reached XP level 2. HP: 27/27 MP: 1/1
   900 | D:2      | Found a radiant altar of Vehumet.
   900 | D:2      | Found a shadowy altar of Dithmenos.
   902 | D:2      | Found a sparkling altar of Nemelex Xobeh.
   903 | D:2      | Found a shattered altar of Ashenzari.
   903 | D:2      | Found an ancient bone altar of Kikubaaqudgha.
  1016 | D:2      | Reached XP level 3. HP: 22/33 MP: 2/2
  1379 | D:2      | Reached skill level 3 in Axes
  1472 | D:2      | Reached XP level 4. HP: 40/40 MP: 3/3
  1507 | D:3      | Found a faded altar of an unknown god.
  1571 | D:3      | Found a white marble altar of Elyvilon.
  1572 | D:3      | Noticed Sigmund
  1583 | D:3      | Killed Sigmund
  1583 | D:3      | Reached skill level 4 in Axes
  1583 | D:3      | Reached skill level 1 in Dodging
  1583 | D:3      | Reached skill level 5 in Shields
  1583 | D:3      | Reached XP level 5. HP: 14/47 MP: 4/4
  1810 | D:3      | Found a burning altar of Makhleb.
  1821 | D:3      | Became a worshipper of Makhleb the Destroyer
  1954 | D:3      | Learned a level 2 spell: Blink
  2015 | D:3      | Reached XP level 6. HP: 33/53 MP: 5/5
  2098 | D:3      | Reached skill level 5 in Armour
  2107 | D:3      | Reached skill level 5 in Axes
  2187 | D:3      | Noticed Robin
  2194 | D:3      | Killed Robin
  2197 | D:3      | Reached * piety under Makhleb
  2315 | D:4      | Found a sacrificial altar of Ru.
  2432 | D:4      | Reached skill level 5 in Fighting
  2670 | D:4      | Reached XP level 7. HP: 61/61 MP: 6/6
  2834 | D:5      | Entered Level 5 of the Dungeon
  2875 | D:5      | Found a glowing silver altar of Zin.
  2901 | D:5      | Reached skill level 6 in Axes
  3231 | D:5      | Reached skill level 7 in Axes
  3602 | D:4      | Found a staircase to the Ecumenical Temple.
  3766 | D:5      | Reached XP level 8. HP: 47/70 MP: 7/7
  4015 | D:6      | Reached ** piety under Makhleb
  4064 | D:6      | Reached skill level 8 in Axes
  4234 | D:6      | Slain by an orc warrior

Skill      XL: |  1  2  3  4  5  6  7  8 |
---------------+-------------------------+-----
Fighting       | 4 5 6 |  6.0
Shields        | 4 5 6 |  6.3
Armour         | 4 5 6 |  6.4
Axes           | 3 4 5 7 8 |  8.2
Dodging        | 1 |  1.6

Action                   |  1- 3 |  4- 6 |  7- 9 || total
-------------------------+-------+-------+-------++-------
Melee: War axe           |    96 |   152 |   103 ||   351
       Headbutt          |    10 |    34 |    16 ||    60
Throw: Throwing net      |       |     3 |       ||     3
Invok: Minor Destruction |       |       |     4 ||     4
  Use: Scroll            |     6 |     3 |     2 ||    11
       Potion            |       |     3 |     1 ||     4
  Eat: Bread ration      |     1 |       |     1 ||     2
       Meat ration       |       |     1 |       ||     1
Armor: Scale mail        |    53 |    63 |    29 ||   145
Dodge: Dodged            |    32 |    55 |    33 ||   120
Block: Shield            |    66 |    70 |    54 ||   190
